 Dungeon Crawl Stone Soup version 0.27.0-1-g7a08968 (webtiles) character file.

Game seed: 10016163996681771478

4 Host24 the Bolt Thrower (level 1, -3/12 HPs)
             Began as a Kobold Hunter on Jan 25, 2022.
             Slain by a hobgoblin (4 damage)
             ... on level 1 of the Dungeon.
             The game lasted 00:01:35 (516 turns).

Host24 the Bolt Thrower (Kobold Hunter)              Turns: 516, Time: 00:01:35

Health: -3/12      AC:  3    Str:  9    XL:     1   Next: 66%
Magic:  1/1        EV: 14    Int: 12    God:
Gold:   27         SH:  0    Dex: 15    Spells: 0/0 levels left

rFire    . . .     SeeInvis .   a - +1 hand crossbow
rCold    . . .     Faith    .   (shield restricted)
rNeg     . . .     Spirit   .   c - +0 leather armour
rPois    .         Reflect  .   (no helmet)
rElec    .         Harm     .   (no cloak)
rCorr    .         Rampage  .   (no gloves)
Will     .....                  (no boots)
Stlth    +++.......             (no amulet)
HPRegen  0.04/turn              (no ring)
MPRegen  0.07/turn              (no ring)

@: no status effects
A: small, no large weapons, nightstalker 3
a: no special abilities


You were on level 1 of the Dungeon.
You visited 1 branch of the dungeon, and saw 1 of its levels.

You collected 27 gold pieces.

Inventory:

Hand Weapons
 a - a +1 hand crossbow (weapon)
 b - a +0 short sword
Missiles
 d - 14 bolts (quivered ammo)
 f - 6 poisoned darts
Armour
 c - a +0 leather armour (worn)
Scrolls
 g - a scroll of identify {unknown}
Potions
 e - a potion of might {unknown}
 h - 2 potions of curing {unknown}


   Skills:
 - Level 2.1 Fighting
 - Level 5.0 Crossbows
 + Level 2.7 Dodging
 - Level 1.3 Stealth


You couldn't memorise any spells.
You didn't know any spells.
Your spell library was empty.

Dungeon Overview and Level Annotations

Branches:
Dungeon (1/15)

Altars:

Shops:
D:1 =


Innate Abilities, Weirdness & Mutations

You are small and have problems with some larger weapons.
You are completely attuned to the shadows.


Message History

Press: ? - help, Q - select action, (/) - cycle Shift-Dir - straight line, f/p - hobgoblin
Aim: a hobgoblin (almost dead, 66% to hit)
You shoot a bolt. The bolt hits the hobgoblin.
You kill the hobgoblin!
Unknown command.
A rat comes into view.
Things that are here:
2 bolts; a hobgoblin corpse
d - 17 bolts (gained 2)
b - a +0 short sword (weapon)
A hobgoblin comes into view.
The helpless rat fails to defend itself.
You hit the rat.
You kill the rat!
You see here a rat corpse.
The helpless hobgoblin fails to defend itself.
You hit the hobgoblin.
The hobgoblin is lightly wounded.
The hobgoblin barely misses you.
a - a +1 hand crossbow (weapon)
The hobgoblin barely misses you.
Fire: 17 bolts
Press: ? - help, Q - select action, (/) - cycle Shift-Dir - straight line, f - hobgoblin
Aim: a hobgoblin (lightly wounded, 66% to hit)
You shoot a bolt. The bolt barely misses the hobgoblin.
The hobgoblin barely misses you.
Fire: 16 bolts
Press: ? - help, Q - select action, (/) - cycle Shift-Dir - straight line, f/p - hobgoblin
Aim: a hobgoblin (66% to hit)
You shoot a bolt. The bolt closely misses the hobgoblin.
The hobgoblin hits you.
* * * LOW HITPOINT WARNING * * *
Fire: 15 bolts
Press: ? - help, Q - select action, (/) - cycle Shift-Dir - straight line, f/p - hobgoblin
Aim: a hobgoblin (66% to hit)
You shoot a bolt. The bolt hits the hobgoblin.
The hobgoblin is lightly wounded.
The hobgoblin hits you but does no damage.
The hobgoblin hits you.
You die...

...#.............
...#.............
...#.##.##.##...
........##.....
######...#+##........
....##................
.##.####....#.........
....####....#........#
..###........†..@.....
..# #..........#g†....
..# #..........#(.....
..# #..........##.....
..######..............
.###......... ......
...#.........
...#.........
...#........#


You could see a hobgoblin.

Vanquished Creatures
  An endoplasm (D:1)
  A hobgoblin (D:1)
  A frilled lizard (D:1)
  A rat (D:1)
4 creatures vanquished.

Notes
Turn   | Place    | Note
-------+----------+-------------------------------------------
     0 | D:1      | Host24 the Kobold Hunter began the quest for the Orb.
     0 | D:1      | Reached XP level 1. HP: 12/12 MP: 1/1
    20 | D:1      | Found Ereaq's Jewellery Shop.
   217 | D:1      | Reached skill level 5 in Crossbows
   516 | D:1      | Slain by a hobgoblin

Illustrated notes

Levels and vault maps discovered:
D:1:      amcnicky_arrival_blooded_trapdoor, layout_basic, serial_shops, shop,
          serial_bayou_pond_c, interstate_on_off

Skill      XL: |  1 |
---------------+----+-----
Crossbows      | 5 |  5.0
Fighting       | |  2.1
Dodging        | |  2.7
Stealth        | |  1.3

Action                   || total
-------------------------++-------
Melee: Short sword       ||    13
 Fire: Hand crossbow     ||    12
 Stab: Sleeping          ||     4
Armor: Leather armour    ||     3
Dodge: Dodged            ||    17
